 Dungeon Crawl Stone Soup version 0.27-a0-1548-gf8a67e7463 (webtiles) character file.

Game seed: 6703677447866966166

544 kr4n3x the Magician (level 7, -2/47 HPs)
             Began as a Djinni Fire Elementalist on July 14, 2021.
             Slain by a killer bee (6 damage)
             ... on level 4 of the Dungeon.
             The game lasted 00:19:54 (7691 turns).

kr4n3x the Magician (Djinni Fire Elementalist)      Turns: 7691, Time: 00:19:54

Health: -2/47      AC:  3    Str:  7      XL:     7   Next: 52%
Gold:   213        EV: 12    Int: 17 (19) God:
                   SH:  0    Dex: 12 (13)

rFire    + + .     SeeInvis .   i - +4 dagger (venom)
rCold    . . .     Faith    .   (no shield)
rNeg     . . .     Spirit   .   a - +0 robe
rPois    ∞         Reflect  .   (no helmet)
rElec    .         Harm     .   (no cloak)
rCorr    .         Rampage  .   l - +0 pair of gloves
Will     .....                  (boots unavailable)
Stlth    ++........             (no amulet)
HPRegen  0.15/turn              C - ring of protection from cold
MPRegen  0.00/turn              (no ring)

@: flying
A: sickness immunity, fire resistance 2, cold vulnerability 1, float, innate
caster, hp casting, extra vitality 1
a: no special abilities


You were on level 4 of the Dungeon.
You visited 1 branch of the dungeon, and saw 5 of its levels.

You collected 213 gold pieces.


Innate Abilities, Weirdness & Mutations

You are immune to sickness and miasma.
You are immune to poison.
Your flesh is very heat resistant. (rF++)
You are vulnerable to cold. (rC-)
You float through the air rather than walking.
You learn spells naturally, not from books.
Your magical power is your life essence.
You have superior vitality. (+4 HP)


   Skills:
 + Level 1.0 Fighting
 + Level 2.6 Dodging
 - Level 1.5 Stealth
 + Level 6.0 Spellcasting


You couldn't memorise any spells.
You knew the following spells:

 Your Spells              Type           Power      Damage    Failure   Level
a - Foxfire               Conj/Fire      100%       2x1d9     1%          1
b - Fireball              Conj/Fire      12%        3d7       28%         5
c - Conjure Flame         Conj/Fire      25%        6-21      3%          3
e - Beastly Appendage     Tmut           50%        N/A       1%          1
l - Lesser Beckoning      Tloc           12%        N/A       3%          3
p - Call Imp              Summ           25%        N/A       1%          2
r - Inner Flame           Hex/Fire       25%        N/A       3%          3
y - Sticky Flame          Conj/Fire      25%        2d5       11%         4
Your spell library was empty.

Inventory:

Hand Weapons
 i - a +4 dagger of venom (weapon)
Armour
 a - a +0 robe (worn)
 l - a +0 pair of gloves (worn)
Jewellery
 C - a ring of protection from cold (left hand)
Scrolls
 b - a scroll of fear
 c - a scroll of vulnerability {unknown}
 d - a scroll of noise {unknown}
 e - 3 scrolls of identify {@r1}
 f - a scroll of acquirement {unknown}
 g - a scroll of enchant weapon {unknown}
 j - 3 scrolls of immolation {unknown}
Potions
 k - a potion of brilliance {unknown}

Dungeon Overview and Level Annotations

Branches:
Dungeon (5/15)
 Temple: D:4-7

Altars:
Kikubaaqudgha
Nemelex Xobeh
Okawaru
Trog
Wu Jian
Zin

Annotations:
D:4 Blork the orc

#.....#.# #.#
#####.#.#.#.# #.#
#.........#.# #.#
#.###.#.....# #.# #.#
#^......# #.# #.#
###.....####.#
########.#
#.........##.########
.........#
#...(.(.............#
.###..####
#...y@....#########.#
.###..########..(y.###
#)##
...................#
#...
...................#
####
####################


You could see 2 killer bees.


Message History

The killer bee stings you but does no damage.
The killer bee stings you. x2; The killer bee stings you!
* * * LOW HITPOINT WARNING * * *
You fly upwards.
Level annotation: Blork the orc
There is a stone staircase leading down here.
Casting: Foxfire (safe; 1% risk of failure)
Confirm with . or Enter, or press ? or * to list all spells.
You conjure some foxfire!
* * * LOW HITPOINT WARNING * * *
The killer bee stings you!
* * * LOW HITPOINT WARNING * * *
The killer bee misses you.
The killer bee stings you but does no damage.
The killer bee barely misses you.
You miss the killer bee.
The foxfire hits the killer bee.
The killer bee is lightly wounded.
The foxfire hits the killer bee.
The killer bee is heavily wounded.
The killer bee stings you!
* * * LOW HITPOINT WARNING * * *
The killer bee barely misses you. The killer bee misses you. x2
You hit the killer bee.
The killer bee is poisoned.
The killer bee is heavily wounded.
The killer bee stings you but does no damage.
The killer bee misses you. The killer bee stings you.
* * * LOW HITPOINT WARNING * * *
The killer bee closely misses you.
You miss the killer bee. The killer bee misses you. The killer bee stings you.
You die...

Skill      XL: |  1  2  3  4  5  6  7 |
---------------+----------------------+-----
Spellcasting   | 3 4 5 6 |  6.0
Fighting       | 1 |  1.0
Dodging        | |  2.6
Stealth        | |  1.5

Action                   |  1- 3 |  4- 6 |  7- 9 || total
-------------------------+-------+-------+-------++-------
Melee: Spear             |     7 |       |       ||     7
       Unarmed           |     1 |       |       ||     1
       Flail             |    10 |    16 |       ||    26
       Dagger            |       |    62 |    38 ||   100
 Cast: Foxfire           |    45 |    69 |     3 ||   117
       Beastly Appendage |       |     2 |       ||     2
       Call Imp          |       |    65 |     6 ||    71
  Use: Scroll            |       |     3 |       ||     3
       Potion            |       |     4 |     1 ||     5
 Stab: Sleeping          |     1 |     4 |       ||     5
Armor: Robe              |     4 |    13 |    15 ||    32
Dodge: Dodged            |    18 |    51 |    38 ||   107

Levels and vault maps discovered:
D:1:      nzn_arrival_depleted_hourglass, layout_loops_ring,
          minmay_tiny_reverse_x
D:2:      layout_loops_ring, st_stairs_3
D:3:      layout_loops_ring, mainiacjoe_overflow_divided_tiny,
          trog_butcher_becter
D:4:      layout_loops_ring, amethyst_overflow_temple_binary, marbit_many_paths,
          st_stairs_14, uniq_blork_the_orc, uniq_crazy_yiuf_cottage
D:5:      layout_rooms, serial_shops, nicolae_shop_window_shopping

Notes
Turn   | Place    | Note
-------+----------+-------------------------------------------
     0 | D:1      | kr4n3x the Djinni Fire Elementalist began the quest for the
                  | Orb.
     0 | D:1      | Reached XP level 1. HP: 15/15 MP: 0/0
   413 | D:1      | Reached XP level 2. HP: 20/21 MP: 0/0
   459 | D:1      | Reached skill level 3 in Spellcasting
   550 | D:1      | Reached XP level 3. HP: 16/25 MP: 0/0
   550 | D:1      | Learned a level 1 spell: Beastly Appendage
  1594 | D:1      | Reached XP level 4. HP: 15/31 MP: 0/0
  2625 | D:2      | Reached skill level 4 in Spellcasting
  2931 | D:2      | Reached XP level 5. HP: 31/35 MP: 0/0
  2931 | D:2      | Learned a level 2 spell: Call Imp
  3490 | D:3      | Found a bloodstained altar of Trog.
  4381 | D:3      | Reached XP level 6. HP: 25/40 MP: 0/0
  4526 | D:3      | Found a sparkling altar of Nemelex Xobeh.
  4527 | D:3      | Found an ornate altar of the Wu Jian Council.
  4898 | D:4      | Reached skill level 5 in Spellcasting
  5561 | D:4      | Noticed Blork the orc
  6052 | D:4      | Found an iron altar of Okawaru.
  6178 | D:4      | Found a glowing silver altar of Zin.
  6800 | D:5      | Entered Level 5 of the Dungeon
  6834 | D:5      | Reached XP level 7. HP: 18/45 MP: 0/0
  6834 | D:5      | Learned a level 3 spell: Lesser Beckoning
  7242 | D:4      | Reached skill level 6 in Spellcasting
  7617 | D:4      | Reached skill level 1 in Fighting
  7690 | D:4      | HP: 4/47 [killer bee (2)]
  7691 | D:4      | Slain by a killer bee

Vanquished Creatures
  2 killer bees (D:4)
  2 orc priests (D:4)
  3 orc wizards
  A gnoll (D:1)
  3 adders
  2 worms (D:2)
  A dart slug (D:1)
  5 orcs (D:4)
  5 endoplasms
  5 giant cockroaches
  5 hobgoblins
  9 jackals
  9 kobolds
  2 quokkas (D:1)
  8 ball pythons
  7 bats
  6 frilled lizards
  5 goblins
  3 rats
83 creatures vanquished.

Vanquished Creatures (collateral kills)
  A phantom (D:4)
  A kobold brigand (D:5)
  An orc priest (D:3)
  A hound (D:4)
  A hound zombie (D:3)
  A howler monkey skeleton (D:4)
  An adder skeleton (D:4)
  A worm (D:2)
  9 orcs
  A hobgoblin (D:3)
  A quokka (D:4)
  A kobold (D:5)
  A rat (D:2)
21 creatures vanquished.

Vanquished Creatures (others)
  163 foxfires
163 creatures vanquished.

Grand Total: 267 creatures vanquished

Table legend: (Time is in decaauts)
 A = Elapsed time spent in this place.
 B = Non-inter-level travel time spent in this place.
 C = Inter-level travel time spent in this place.
 D = Time resting spent in this place.
 E = Time spent auto-exploring this place.
 F = Levels seen in this place.
 G = Mean time per level.
                   A        B        C        D        E       F      G
               +--------+--------+--------+--------+--------+-----+--------+
         Total |   7715 |   7568 |    147 |   2986 |   3615 |   5 | 1543.0 |
       Dungeon |   7715 |   7568 |    147 |   2986 |   3615 |   5 | 1543.0 |
               +--------+--------+--------+--------+--------+-----+--------+

Top non-repeatable levels by time:
     D:4: 2276 daAuts
     D:1: 2098 daAuts
     D:3: 1714 daAuts
     D:2: 1545 daAuts
     D:5: 81 daAuts

Table legend:
 A = Non-vault XP
 B = Vault XP
 C = Vault XP percentage of total XP
 D = Non-vault monster count
 E = Vault monster count
 F = Vault count percentage of total count
                 A         B        C        D         E       F
            +---------+---------+-------+---------+---------+-------
      Total |     747 |      31 |   4.0 |      93 |      11 |  10.6
            +---------+---------+-------+---------+---------+-------
        D:1 |      64 |      16 |  20.0 |      22 |       2 |   8.3
        D:2 |      66 |       5 |   7.0 |      30 |       3 |   9.1
        D:3 |     119 |       5 |   4.0 |      15 |       4 |  21.1
        D:4 |     405 |       5 |   1.2 |      23 |       2 |   8.0
        D:5 |      93 |       0 |   0.0 |       3 |       0 |   0.0
            +---------+---------+-------+---------+---------+-------
